 Dungeon Crawl Stone Soup version 0.31-a0-344-gd109795599 (webtiles) character file.

Game seed: 4054131433605429293

525 LeprechaunX the Ruffian (level 7, -2/43 HPs)
             Began as an Octopode Shapeshifter on July 21, 2023.
             Slain by a sleepcap (5 damage)
             ... on level 4 of the Dungeon.
             The game lasted 00:04:26 (2821 turns).

LeprechaunX the Ruffian (Octopode Shapeshifter)     Turns: 2821, Time: 00:04:26

Health: -2/43      AC:  1    Str: 16    XL:     7   Next: 23%
Magic:  7/7        EV: 13    Int: 11    God:
Gold:   62         SH:  0    Dex: 12    Spells: 6/6 levels left

rFire   . .          .
                       - Unarmed
rCold   . . .        (no shield)
rNeg    . . .        (helmet currently unavailable)
rPois   +            n - amulet of faith
rElec   .            o - ring of poison resistance
rCorr   .            (no ring)
SInv    .            (no ring)
Will    .....        (no ring)
Stlth   ++           (no ring)
HPRegen 0.27/turn    (no ring)
MPRegen 0.10/turn    (no ring)
                     (no ring)

%: faith
@: beast-form
A: beast (slay +3), almost no armour, amphibious, 8 rings, camouflage 1,
gelatinous body 1, (nimble swimmer 1), tentacles
a: Begin Untransformation


You were on level 4 of the Dungeon.
You were a hulking beast.
You visited 1 branch of the dungeon, and saw 5 of its levels.

You collected 62 gold pieces.

Inventory:

Jewellery
 n - an amulet of faith (around mantle)
 o - a ring of poison resistance (left tentacle)
Talismans
 b - a beast talisman
Wands
 k - a wand of polymorph (18)
Scrolls
 c - 3 scrolls of identify {unknown}
 f - a scroll of fog {unknown}
 g - a scroll of noise {unknown}
 h - 2 scrolls of amnesia {unknown}
 i - 2 scrolls of enchant weapon {unknown}
 l - a scroll of butterflies {unknown}
 m - a scroll of enchant armour {unknown}
 p - a scroll of revelation {unknown}
 q - a scroll of brand weapon {unknown}
Potions
 a - a potion of lignification
 d - 2 potions of heal wounds {unknown}
 e - a potion of brilliance {unknown}
 j - 2 potions of might {unknown}


   Skills:
 - Level 1.0 Fighting
 - Level 2.0 Dodging
 * Level 6.7 Unarmed Combat
 + Level 4.6 Shapeshifting


You had 6 spell levels left.
You didn't know any spells.
Your spell library contained the following spells:

 Spells                   Type           Power      Damage    Failure   Level
 Lesser Beckoning         Tloc           0%         N/A       47%         2
 Gell's Gravitas          Tloc           0%         N/A       71%         3
 Teleport Other           Tloc           0%         N/A       71%         3


Dungeon Overview and Level Annotations

Branches:
Dungeon (5/15)
 Temple: D:4-7

Altars:
Yredelemnul

Shops:
D:2 :


Innate Abilities, Weirdness & Mutations

You are a hulking beast.
Your limbs bulge with bestial killing power. (Slay +3)
You cannot wear most types of armour.
You are amphibious.
You can wear up to eight rings at the same time.
Your skin changes colour to match your surroundings (Stealth+).
Your rubbery body absorbs attacks. (AC +1, EV +1)
((You are camouflaged when in or above water. (Stealth+)))
You have tentacles for arms and can constrict up to eight enemies at once.


Message History

You constrict the sleepcap, but do no damage.
The orc completely misses you. The sleepcap releases spores at you!
The quokka misses you.
You are too injured to fight recklessly!
You are too injured to fight recklessly!
You miss the quokka. You grab the quokka. You squeeze the quokka.
You kill the quokka!
You constrict the sleepcap. The orc closely misses you.
The sleepcap closely misses you.
You tentacle-slap the sleepcap but do no damage.
The sleepcap is lightly damaged.
You constrict the sleepcap. The orc barely misses you.
The sleepcap barely misses you.
You tentacle-slap the orc. You grab the orc.
The orc is lightly wounded.
You constrict the sleepcap.
You constrict the orc, but do no damage.
The orc completely misses you. The sleepcap closely misses you.
You tentacle-slap the sleepcap but do no damage.
The sleepcap is moderately damaged.
You constrict the sleepcap. You constrict the orc.
The orc hits you with a +0 club. The sleepcap releases spores at you!
You are engulfed in a cloud of soporific spores!
You fall asleep.
You lose your grip on the sleepcap.
You lose your grip on the orc.
The orc hits you with a +0 club.
You wake up.
* * * LOW HITPOINT WARNING * * *
The sleepcap releases spores at you.
* * * LOW HITPOINT WARNING * * *
You are engulfed in a cloud of soporific spores!
You are unaffected.
You closely miss the orc. You grab the orc.
The orc is heavily wounded.
You constrict the orc. The orc barely misses you.
The sleepcap releases spores at you.
* * * LOW HITPOINT WARNING * * *
You bludgeon the orc!
You kill the orc!
The sleepcap releases spores at you.
You die...

...##.....................##
...########...............##
##...# #................####
....## ###.............#..##.##
....#####...#..............#...#
.##.........#...........#.....###
.....##.....##............##..#..
....###.....###†.................
##.## #.........hf...............
##..# #..........)..<.....#.#....
#...###..............##...###....
##.###...............###.........
................((.#).####.......
...................#...###.......
#.................##...##..#.....
#...............###.......###.##.
...........#....##..##.#..#......


You could see a sleepcap.

Vanquished Creatures
  Eustachio (D:4)
  Menkaure (D:4)
  A quasit (D:5)
  An iguana (D:4)
  3 gnolls (D:4)
  4 adders
  A shadow imp (D:4)
  2 white imps (D:4)
  An ufetubus (D:4)
  4 dart slugs
  8 orcs
  7 ball pythons
  2 bats
  7 endoplasms
  A giant cockroach (D:2)
  5 goblins
  7 hobgoblins
  14 jackals
  3 quokkas
  4 frilled lizards
  6 kobolds
  5 rats
88 creatures vanquished.

Notes
Turn   | Place    | Note
-------+----------+-------------------------------------------
     0 | D:1      | LeprechaunX the Octopode Shapeshifter began the quest for
                  | the Orb.
     0 | D:1      | Reached XP level 1. HP: 13/13 MP: 1/1
    82 | D:1      | Reached XP level 2. HP: 18/18 MP: 2/2
   193 | D:1      | Found a faded altar of an unknown god.
   424 | D:1      | Reached XP level 3. HP: 18/23 MP: 3/3
   743 | D:2      | Found Ynarchazxu's Book Shoppe.
   744 | D:2      | Found a basalt altar of Yredelemnul.
   801 | D:2      | Reached skill level 4 in Unarmed Combat
  1071 | D:2      | Reached XP level 4. HP: 28/28 MP: 4/4
  1720 | D:4      | Reached XP level 5. HP: 12/33 MP: 5/5
  1948 | D:4      | Noticed Eustachio
  1960 | D:4      | Noticed Menkaure
  1969 | D:4      | Killed Menkaure
  1970 | D:4      | Reached skill level 5 in Unarmed Combat
  1970 | D:4      | Reached XP level 6. HP: 20/38 MP: 6/6
  2021 | D:5      | Entered Level 5 of the Dungeon
  2172 | D:4      | Reached skill level 6 in Unarmed Combat
  2678 | D:4      | Killed Eustachio
  2679 | D:4      | Reached XP level 7. HP: 20/43 MP: 7/7
  2821 | D:4      | Slain by a sleepcap

Illustrated notes

Levels and vault maps discovered:
D:1:      co_arrival_hexagon_in_a_hexagon, layout_loops_ring,
          shapermc_ecumenical_altar_notcrosses
D:2:      layout_rooms, basic_altar, serial_shops, shop, st_stairs_3
D:3:      layout_basic
D:4:      layout_cave_pools, serial_demonic, serial_demonic_d, serial_demonic_c,
          serial_demonic_b, serial_demonic_c, uniq_menkaure, uniq_eustachio
D:5:      layout_rooms, serial_shops, shop, hangedman_decor_riveting,
          minivault_24, uniq_crazy_yiuf_cottage, uniq_grinder

Skill      XL: |  1  2  3  4  5  6 |
---------------+-------------------+-----
Unarmed Combat | 4 5 6 |  6.7
Shapeshifting  | 4 |  4.6
Fighting       | |  1.0
Dodging        | |  2.0

Action                     |  1- 3 |  4- 6 |  7- 9 || total
---------------------------+-------+-------+-------++-------
  Melee: Unarmed           |    67 |    98 |     9 ||   174
         Tentacles         |    12 |    25 |     2 ||    39
         Constrict         |    17 |    29 |     5 ||    51
         Punch             |     3 |     1 |       ||     4
   Stab: Sleeping          |     1 |     3 |       ||     4
 Armour: Skin              |     4 |     2 |       ||     6
  Dodge: Dodged            |    31 |    67 |    17 ||   115

Table legend: (Time is in decaauts)
 A = Elapsed time spent in this place.
 B = Non-inter-level travel time spent in this place.
 C = Inter-level travel time spent in this place.
 D = Time resting spent in this place.
 E = Time spent auto-exploring this place.
 F = Levels seen in this place.
 G = Mean time per level.
                   A        B        C        D        E       F      G
               +--------+--------+--------+--------+--------+-----+--------+
         Total |   2806 |   2616 |    190 |    488 |   1623 |   5 |  561.2 |
       Dungeon |   2806 |   2616 |    190 |    488 |   1623 |   5 |  561.2 |
               +--------+--------+--------+--------+--------+-----+--------+

Top non-repeatable levels by time:
     D:4: 790 daAuts
     D:1: 735 daAuts
     D:3: 664 daAuts
     D:2: 484 daAuts
     D:5: 132 daAuts
